 Dungeon Crawl Stone Soup version 0.29-b1-12-g9e2288ab2a (webtiles) character file.

Game seed: 8632169212318873187

325 Zeldest the Insei (level 6, -3/41 HPs)
             Began as an Octopode Transmuter on Aug 24, 2022.
             Killed by divine providence
             ... invoked by an orc priest
              (16 damage)
             ... on level 5 of the Dungeon.
             The game lasted 00:06:50 (1056 turns).

Zeldest the Insei (Octopode Transmuter)             Turns: 1056, Time: 00:06:50

Health: -3/41      AC:  1    Str:  9    XL:     6   Next: 48%
Magic:  6/9        EV: 17    Int: 18    God:
Gold:   90         SH:  0    Dex: 12    Spells: 6/9 levels left

rFire   . . .      SeeInvis .     - Unarmed
rCold   . . .      Faith    .   (no shield)
rNeg    . . .      Spirit   .   (helmet currently unavailable)
rPois   .          Reflect  .   (no amulet)
rElec   .          Harm     .   c - +4 ring of evasion
rCorr   .          Rampage  .   e - ring of flight
Will    .....                   (no ring)
Stlth   ++........              (no ring)
HPRegen 0.13/turn               (no ring)
MPRegen 0.11/turn               (no ring)
                                (no ring)
                                (no ring)

@: appendages, wereblooded, flying
A: tentacle spike 3, almost no armour, amphibious, 8 rings, camouflage 1,
gelatinous body 1, (nimble swimmer 1), tentacles, beak, wild magic 1
a: End Transformation


You were on level 5 of the Dungeon.
One of your tentacles had grown a beastly spike.
You visited 2 branches of the dungeon, and saw 6 of its levels.

You collected 90 gold pieces.

Inventory:

Jewellery
 c - a +4 ring of evasion (left tentacle)
 e - a ring of flight (right tentacle)
Wands
 i - a wand of paralysis (1)
Scrolls
 j - a scroll of teleportation
 l - a scroll of fear {unknown}
Potions
 a - a potion of lignification
 f - a potion of curing {unknown}
 g - a potion of might {unknown}
 m - a potion of heal wounds {unknown}
 n - a potion of invisibility {unknown}
 o - 4 potions of flight {unknown}


   Skills:
 + Level 2.7 Fighting
 - Level 2.0 Dodging
 * Level 4.8 Unarmed Combat
 - Level 2.0 Spellcasting
 * Level 4.2 Transmutations
 + Level 1.8 Ice Magic


You had 6 spell levels left.
You knew the following spells:

 Your Spells              Type           Power      Damage    Failure   Level
a - Beastly Appendage     Tmut           44%        N/A       5%          1
b - Wereblood             Tmut           22%        N/A       8%          2

Your spell library contained the following spells:

 Spells                   Type           Power      Damage    Failure   Level
 Spider Form              Tmut/Pois      12%        N/A       30%         3
 Static Discharge         Conj/Air       2%         3-4/arc   34%         2
 Ice Form                 Ice/Tmut       16%        N/A       54%         4
 Dispel Undead            Necr           2%         3d7       91%         4
 Sticky Flame             Conj/Fire      2%         2d3       91%         4


Dungeon Overview and Level Annotations

Branches:
Dungeon (5/15)             Temple (1/1) D:4

Altars:
Ashenzari
Dithmenos
Elyvilon
Fedhas
Hepliaklqana
Kikubaaqudgha
Makhleb
Nemelex Xobeh
Okawaru
Qazlal
Ru
Sif Muna
Trog
Uskayaw
Vehumet
Xom
Yredelemnul
Zin
The Shining One


Innate Abilities, Weirdness & Mutations

One of your tentacles has grown a beastly spike.
You cannot wear most types of armour.
You are amphibious.
You can wear up to eight rings at the same time.
Your skin changes colour to match your surroundings (Stealth+).
Your rubbery body absorbs attacks. (AC +1, EV +1)
((You are camouflaged when in or above water. (Stealth+)))
You have tentacles for arms and can constrict up to eight enemies at once.
You have a beak for a mouth.
Your spells are a little harder to cast, but a little more powerful.


Message History

Your primal bloodlust has ended.
Casting: Beastly Appendage (safe; 5% risk of failure)
Confirm with . or Enter, or press ? or * to list all spells.
Your blood is infused with primal strength.
The adder misses you.
An orc priest comes into view. It is wielding a +0 hand axe.
You barely miss the adder.
The orc priest shouts!
Your grab misses the adder.
You hear a shout!
The adder bites you.
You are poisoned.
The adder poisons you!
You closely miss the adder. Your grab misses the adder.
You pierce the adder.
The adder is moderately wounded.
You feel sick. The adder misses you.
An orc comes into view. It is wielding a +0 dagger.
The adder barely misses you.
You barely miss the adder.
The orc shouts!
Your grab misses the adder.
Your tentacle spike misses the adder.
Your peck misses the adder.
The adder is moderately wounded.
You feel sick. The adder closely misses you. The orc hits you with a +0 dagger.
You barely miss the orc. Your grab misses the orc. Your peck misses the orc.
Your squeeze misses the orc.
You feel sick. The adder closely misses you.
You closely miss the adder. Your grab misses the adder.
The adder is moderately wounded.
You feel sick.
An orc wizard comes into view. It is wielding a +0 dagger.
The orc misses you. The adder bites you.
You tentacle-slap the adder. You grab the adder.
Your tentacle spike misses the adder.
You peck the adder.
The adder is severely wounded.
You constrict the adder.
You feel sick.
You are no longer poisoned.
The adder misses you. The orc hits you with a +0 dagger.
The orc priest invokes the aid of Beogh against you.
Beogh smites you!
You die...

...... ...
.......##...
...........
...........
..........
.........##
...)....).###
........@...#...
#...o.So.......
#......<##.#...
#.o.o...........
......[.........
.....#######...#
..#.. ### . #.
..


You could see an orc priest, an orc wizard, an adder and 2 orcs.

Vanquished Creatures
  An ogre (D:5)
  A phantom (D:4)
  A hound (D:4)
  A jelly (D:4)
  An iguana (D:4)
  3 gnolls (D:2)
  A dart slug (D:3)
  6 ball pythons
  4 endoplasms
  3 giant cockroaches
  6 goblins
  7 hobgoblins
  6 jackals
  5 kobolds
  A quokka (D:4)
  6 bats
  A frilled lizard (D:3)
  5 rats
59 creatures vanquished.

Notes
Turn   | Place    | Note
-------+----------+-------------------------------------------
     0 | D:1      | Zeldest the Octopode Transmuter began the quest for the
                  | Orb.
     0 | D:1      | Reached XP level 1. HP: 13/13 MP: 3/3
   161 | D:1      | Reached XP level 2. HP: 7/18 MP: 3/5
   164 | D:1      | Learned a level 2 spell: Wereblood
   305 | D:1      | Reached XP level 3. HP: 21/23 MP: 2/6
   315 | D:1      | Found a faded altar of an unknown god.
   531 | D:2      | Reached XP level 4. HP: 21/29 MP: 4/7
   635 | D:3      | Found the +6 shillelagh "Devastator" {shatter}
   668 | D:3      | Found a blossoming altar of Fedhas.
   735 | D:4      | Reached skill level 1 in Ice Magic
   755 | D:4      | Found a staircase to the Ecumenical Temple.
   762 | Temple   | Entered the Ecumenical Temple
   893 | D:4      | Reached XP level 5. HP: 34/34 MP: 6/8
   914 | D:4      | Gained mutation: Your flesh is heat resistant. (rF+)
                  | [potion of mutation]
   918 | D:4      | Lost mutation: Your flesh is heat resistant. (rF+) [potion
                  | of mutation]
   918 | D:4      | Gained mutation: You expend magic power (3 MP) to
                  | strengthen your wands. [potion of mutation]
   918 | D:4      | Gained mutation: Your muscles are strong. (Str +4, Int/Dex
                  | -1) [potion of mutation]
   919 | D:4      | Lost mutation: Your muscles are strong. (Str +4, Int/Dex
                  | -1) [potion of mutation]
   919 | D:4      | Lost mutation: You expend magic power (3 MP) to strengthen
                  | your wands. [potion of mutation]
   919 | D:4      | Gained mutation: Your spells are a little harder to cast,
                  | but a little more powerful. [potion of mutation]
   919 | D:4      | Gained mutation: You have a beak for a mouth. [potion of
                  | mutation]
  1017 | D:5      | Entered Level 5 of the Dungeon
  1017 | D:5      | Noticed a phantom
  1021 | D:5      | Noticed an ogre
  1035 | D:4      | Killed a phantom
  1036 | D:4      | Reached XP level 6. HP: 26/41 MP: 6/9
  1056 | D:5      | Killed from afar by an orc priest

Illustrated notes

Levels and vault maps discovered:
D:1:      lemuel_arrival_hallway, layout_rooms,
          hellmonk_ecumenical_altar_blasted
D:2:      layout_rooms
D:3:      minmay_razor_zed, layout_basic, mainiacjoe_overflow_boulevard
D:4:      layout_basic, minmay_temple_entry_wispy
D:5:      layout_cave_pools, mainiacjoe_overflow_large_starburst, uniq_ijyb
Temple:   nicolae_temple_bog_church

Skill      XL: |  1  2  3  4  5 |
---------------+----------------+-----
Transmutations | 3 4 |  4.2
Fighting       | 2 |  2.7
Unarmed Combat | 4 |  4.8
Ice Magic      | 1 |  1.8
Dodging        | |  2.0
Spellcasting   | |  2.0

Action                   |  1- 3 |  4- 6 || total
-------------------------+-------+-------++-------
Melee: Unarmed           |    74 |    59 ||   133
       Kick              |    16 |    20 ||    36
       Constrict         |    22 |     9 ||    31
       Tentacles         |    11 |     9 ||    20
       Punch             |     2 |       ||     2
       Peck              |       |     6 ||     6
 Cast: Beastly Appendage |    12 |    10 ||    22
       Wereblood         |     8 |     5 ||    13
Evoke: Wand              |       |     4 ||     4
  Use: Scroll            |       |     3 ||     3
       Potion            |       |     3 ||     3
 Stab: Sleeping          |     3 |     4 ||     7
       Paralysed         |       |     8 ||     8
       Distracted        |       |     1 ||     1
Armor: Skin              |    13 |     2 ||    15
Dodge: Dodged            |    62 |    32 ||    94
